 Dungeon Crawl Stone Soup version 0.26.0-15-gc6cd9f700b (webtiles) character file.

Game seed: 17850238346529921328

80 xSliceyx the Grasshopper (level 4, 0/39 HPs)
             Began as a Palentonga Warper on Jan 16, 2021.
             Slain by an adder (2 damage)
             ... on level 2 of the Dungeon.
             The game lasted 00:06:20 (1667 turns).

xSliceyx the Grasshopper (Palentonga Warper)        Turns: 1667, Time: 00:06:20

Health: 0/39       AC:  4    Str: 14    XL:     4   Next: 18%
Magic:  8/8        EV:  9    Int: 20    God:
Gold:   34         SH:  0    Dex: 10    Spells: 8/8 levels left

rFire    . . .     SeeInvis +   a - +0 falchion
rCold    . . .     Faith    +   (no shield)
rNeg     . . .     Spirit   .   b - +0 leather armour
rPois    .         Reflect  .   (no helmet)
rElec    .         Harm     .   (no cloak)
rCorr    .         Rampage  .   (no gloves)
Will     .....                  (no barding)
Stlth    +.........             n - amulet of faith
HPRegen  0.13/turn              g - +6 ring of intelligence
MPRegen  0.11/turn              (no ring)

@: lethally poisoned (0 -> -1)
A: large, rugged brown scales 3, see invisible, deformed body, roll 1, armoured
tail
a: Rolling Charge


You were on level 2 of the Dungeon.
You visited 1 branch of the dungeon, and saw 2 of its levels.

You collected 34 gold pieces.

Inventory:

Hand Weapons
 a - a +0 falchion (weapon)
Missiles
 e - 5 boomerangs of dispersal (quivered)
Armour
 b - a +0 leather armour (worn)
 o - a +0 kite shield
Jewellery
 g - a +6 ring of intelligence (left hand)
 n - an amulet of faith (around neck)
Scrolls
 c - a scroll of remove curse
 d - a scroll of blinking
 f - a scroll of identify {unknown}
 k - a scroll of amnesia {unknown}
 l - a scroll of enchant armour {unknown}
Potions
 h - 5 potions of degeneration {unknown}
 i - a potion of invisibility {unknown}
 j - a potion of heal wounds {unknown}
 m - a potion of brilliance {unknown}


   Skills:
 + Level 2.7 Fighting
 - Level 2.0 Long Blades
 - Level 0.6 Throwing
 + Level 1.6 Armour
 - Level 1.5 Dodging
 + Level 2.7 Spellcasting
 + Level 3.6 Translocations


You had 8 spell levels left.
You didn't know any spells.
Your spell library contained the following spells:

 Spells                   Type           Power        Failure   Level
 Blink                    Tloc           N/A          6%          2
 Gell's Gravitas          Tloc           8%           12%         3
 Lesser Beckoning         Tloc           8%           12%         3
 Teleport Other           Tloc           17%          12%         3
 Passage of Golubria      Tloc           N/A          38%         4


Dungeon Overview and Level Annotations

Branches:
Dungeon (2/15)

Altars:


Innate Abilities, Weirdness & Mutations

You are completely covered in rugged brown scales. (AC +3, +7% HP)
You have supernaturally acute eyesight. (SInv)
Armour fits poorly on your strangely shaped body.
You can roll at nearby foes to attack.
You have a long armoured tail.


Message History

You closely miss the adder.
The adder is severely wounded.
You feel sick. The adder bites you.
* * * LOW HITPOINT WARNING * * *
You miss the adder.
Your tail-slap misses the adder.
The adder is severely wounded.
The adder barely misses you.
You riposte.
You closely miss the adder.
The adder is severely wounded.
The adder closely misses you.
You closely miss the adder.
The adder is heavily wounded.
The adder barely misses you.
You closely miss the adder.
Your tail-slap misses the adder.
The adder is heavily wounded.
You feel sick. The adder bites you but does no damage. The adder bites you.
* * * LOW HITPOINT WARNING * * *
You closely miss the adder.
The adder is heavily wounded.
The adder bites you.
You die...

... ##..##. ...
#...... ...
#.....# #'#
#.....# #.#
#.....# #g#
#.....# #S#
#.....###@#
#.........#
#......#..#
#......#.<#
######'###.#..#
#..).......#...
#..........#.###
#..........#.#
#............##


You could see an adder and a hobgoblin.

Vanquished Creatures
  2 adders (D:2)
  2 oozes (D:1)
  3 dart slugs
  4 leopard geckos
  2 bats (D:1)
  2 giant cockroaches
  5 goblins
  8 hobgoblins
  3 jackals (D:2)
  4 kobolds
  A quokka (D:2)
  3 frilled lizards
  2 rats
41 creatures vanquished.

Notes
Turn   | Place    | Note
-------+----------+-------------------------------------------
     0 | D:1      | xSliceyx the Palentonga Warper began the quest for the Orb.
     0 | D:1      | Reached XP level 1. HP: 18/18 MP: 3/3
   124 | D:1      | Reached skill level 1 in Armour
   263 | D:1      | Reached XP level 2. HP: 25/25 MP: 5/5
   850 | D:1      | Reached XP level 3. HP: 23/32 MP: 6/6
  1602 | D:2      | Reached XP level 4. HP: 35/39 MP: 7/7
  1667 | D:2      | Slain by an adder

Illustrated notes

Levels and vault maps discovered:
D:1:      saegor_arrival_simple_c, layout_basic
D:2:      layout_basic, minmay_between, uniq_jessica, uniq_natasha

Skill      XL: |  1 |
---------------+----+-----
Armour         | 1 |  1.6
Fighting       | |  2.7
Long Blades    | |  2.0
Throwing       | |  0.6
Dodging        | |  1.5
Spellcasting   | |  2.7
Translocations | |  3.6

Action                   |  1- 3 |  4- 6 || total
-------------------------+-------+-------++-------
Melee: Falchion          |   109 |    25 ||   134
       Tailslap          |    15 |     1 ||    16
 Abil: Rolling Charge    |    14 |       ||    14
  Use: Scroll            |     1 |       ||     1
Armor: Leather armour    |    39 |    11 ||    50
Dodge: Dodged            |    61 |    11 ||    72
       Rpst.: Falchion   |    22 |     3 ||    25
